Map: Galactic Process LE

Players

soul

  • Race: Terran Terran
  • League: Master
  • Spawn Location: 7:00

Matiz - Winner!

  • Race: Zerg Zerg
  • League: Grandmaster
  • Spawn Location: 1:00

VOD

Have the link to the VOD?

Description

Time

  • Played on: Oct. 15, 2016, 12:44 p.m.
  • Length: 5:21
Show
View Real Time Build Order
Export as new Build Order

soul Terran 

Build Orders: Reaper Expand 

Get SALT Encoding   

  12  0:00  SCV  
  13  0:13  SCV  
  14  0:18  Supply Depot  
  14  0:25  SCV  
  15  0:39  SCV  
  15  0:41  Barracks  
  16  0:45  Refinery  
  16  0:51  SCV  
  17  1:03  SCV  
  18  1:15  SCV  
  19  1:30  Reaper, Orbital Command  
  20  1:41  Command Center  
  20  1:53  Barracks  
  20  1:56  SCV  
  21  2:02  Barracks Reactor  
  21  2:07  Supply Depot  
  21  2:10  SCV  
  21  2:15  Refinery  
  22  2:22  SCV  
  23  2:29  Factory  
  23  2:33  Bunker  
  23  2:40  Barracks Tech Lab  
  23  2:42  SCV  
  24  2:44  Marine  
  24  2:46  Marine  
  26  2:54  SCV  
  27  3:05  Marine x2, Marauder  
  31  3:15  SCV  
  32  3:21  Supply Depot  
  32  3:23  Marine  
  31  3:36  Factory Tech Lab  
  31  3:41  Supply Depot  
  31  3:42  Marine x3  
  33  3:59  Siege Tank  
  33  4:00  Marine x2  
  26  4:19  Marine  
  25  4:25  Marine  
  22  4:37  Marine  
  19  4:42  Marine  
  12  4:55  Marine  
  11  5:00  Marine  
Show
View Real Time Build Order
Export as new Build Order

Matiz Zerg - Winner!

Build Orders: Pool Only, Ravager All-In 

Get SALT Encoding   

  12  0:00  Drone  
  13  0:22  Spawning Pool  
  13  0:26  Drone  
  13  0:31  Drone  
  14  0:38  Extractor  
  14  0:40  Drone  
  14  0:51  Extractor, Overlord  
  14  0:52  Drone  
  14  1:11  Roach Warren  
  14  1:15  Drone  
  14  1:25  Overlord  
  14  1:51  Roach  
  14  1:52  Roach x2  
  20  2:03  Roach  
  22  2:12  Ravager x3  
  25  2:19  Roach  
  27  2:28  Roach  
  29  2:40  Overlord  
  29  2:52  Ravager  
  30  3:01  Ravager  
  30  3:02  Ravager  
  30  3:05  Roach  
  34  3:19  Roach  
  35  3:22  Roach  
  33  4:04  Roach x2  
  34  4:19  Ravager x2  
  36  4:30  Ravager  
  36  4:31  Overlord  
  34  4:42  Roach x2  
  30  5:07  Ravager  
Tags
 
Add a new tag
Caveats
  • Supply blocks, unpowered buildings, or Contaminate may cause inaccurate times.
  • Supply counts are checked every 10 seconds.